 Dungeon Crawl Stone Soup version 0.17-a0-1562-g9b2c768 (webtiles) character file.

308 Eldritch the Shooter (level 6, -5/51 HPs)
             Began as a Minotaur Hunter on July 20, 2015.
             Was a Follower of Trog.
             Slain by Duvessa
             ... wielding a +0 rapier
              (14 damage)
             ... on level 4 of the Dungeon.
             The game lasted 00:16:47 (3493 turns).

Eldritch the Shooter (Minotaur Hunter)              Turns: 3493, Time: 00:16:52

Health: -5/51      AC:  4    Str: 18      XL:     6   Next: 17%
Magic:  5/5        EV: 12    Int:  8      God:    Trog [*.....]
Gold:   191        SH:  0    Dex: 10 (11) Spells: 0 memorised, 5 levels left

rFire  . . .     SeeInvis .     f - +2 spear (venom)
rCold  . . .     Clarity  .     d - +1 leather armour
rNeg   . . .     SustAt   .     (no shield)
rPois  .         Gourm    .     (helmet restricted)
rElec  .         Spirit   .     (no cloak)
rCorr  .         Warding  .     (no gloves)
rMut   .         Stasis   .     (no boots)
MR     .....                    (no amulet)
Stlth  +.........               (no ring)
                                (no ring)

@: exhausted, slowed, very slow, not resistant to hostile enchantments, very
unstealthy
A: retaliatory headbutt, horns 2
a: Burn Spellbooks, Berserk, Renounce Religion


You were on level 4 of the Dungeon.
You worshipped Trog.
Trog was aware of your devotion.
You were not hungry.

You visited 1 branch of the dungeon, and saw 4 of its levels.

You collected 191 gold pieces.

Inventory:

Hand weapons
 a - a +1 shortbow
 c - a +0 short sword
 f - a +2 spear of venom (weapon)
Missiles
 b - 84 arrows
Armour
 d - a +1 leather armour (worn)
 h - a +0 pair of gloves
 i - a +0 helmet
 n - a +0 ring mail
Jewellery
 q - an uncursed ring of fire {unknown}
 w - an uncursed ring of stealth {unknown}
Magical devices
 m - a wand of flame (22)
Scrolls
 k - 2 scrolls of magic mapping
 p - a scroll of teleportation
 r - a scroll of blinking {unknown}
 v - a scroll of recharging {unknown}
Potions
 j - a potion of curing {unknown}
 l - a potion of heal wounds {unknown}
 s - a potion of mutation {unknown}
 t - a potion of magic {unknown}
 u - a potion of might {unknown}
 x - a potion of brilliance {unknown}
Comestibles
 e - a bread ration
 o - a beef jerky


   Skills:
 + Level 3.5 Fighting
 * Level 2.2 Polearms
 + Level 6.1 Bows
 + Level 3.1 Armour
 + Level 3.1 Dodging
 + Level 1.3 Stealth


You had 5 spell levels left.
You didn't know any spells.

Dungeon Overview and Level Annotations

Branches:
Dungeon (4/15)
 Temple: D:4-7

Altars:
Kikubaaqudgha
Okawaru
Trog

Annotations:
D:4 Duvessa


Innate Abilities, Weirdness & Mutations

You reflexively headbutt those who attack you in melee.
You have a pair of horns on your head.


Message History

Duvessa is moderately wounded.
Duvessa hits you with a rapier.
You puncture Duvessa!
Duvessa looks even sicker.
Duvessa is heavily wounded.
You hit Duvessa.
Duvessa is heavily wounded.
Duvessa hits you with a rapier!
You puncture Duvessa!
Duvessa is severely wounded.
You are no longer berserk.
You are exhausted.
You feel yourself slow down. Duvessa hits you with a rapier!
Drink which item? (? for menu, Esc to quit)
It was a potion of degeneration.
There was something very wrong with that liquid.
You feel clumsy. Duvessa hits you with a rapier!
* * * LOW HITPOINT WARNING * * *
Duvessa hits you with a rapier!
You die...

... ...(.([#.#.# ..
....(....#.###
................
.#.#.......... ..
..e.....## ### #.
#.......##....#
#.###(....⌠...$≈_.#
##.@e.().......≈...#
.................≈.≈...#
######.........≈≈≈≈≈≈.##
#.........≈≈≈≈≈..##
#..##..#..≈≈≈≈≈...#
+............≈.≈.⌠..
##..##..##..).......
...........#.#.....
##.......#.##....


You could see Duvessa (berserk).

Vanquished Creatures
  Dowan (D:4)
  An orc priest (D:3)
  Jessica (D:3)
  2 worker ants (D:4)
  2 gnolls (D:1)
  5 adders
  3 oozes
  A worm (D:3)
  2 giant geckos (D:3)
  4 orcs
  2 ball pythons
  3 giant cockroaches
  9 goblins
  12 hobgoblins
  5 jackals
  4 kobolds
  2 quokkas (D:3)
  9 bats
  A giant newt (D:1)
  6 rats
75 creatures vanquished.

Notes
Turn   | Place    | Note
--------------------------------------------------------------
     0 | D:1      | Eldritch the Minotaur Hunter began the quest for the Orb.
     0 | D:1      | Reached XP level 1. HP: 18/18 MP: 0/0
    79 | D:1      | Reached XP level 2. HP: 25/25 MP: 1/1
   122 | D:1      | Reached skill level 5 in Bows
   233 | D:1      | Reached XP level 3. HP: 28/30 MP: 2/2
  1011 | D:2      | Reached skill level 1 in Stealth
  1118 | D:2      | Reached XP level 4. HP: 25/37 MP: 3/3
  1835 | D:2      | Reached skill level 1 in Armour
  1865 | D:3      | Found a bloodstained altar of Trog.
  1870 | D:3      | Became a worshipper of Trog the Wrathful
  1893 | D:3      | Found an iron altar of Okawaru.
  2019 | D:3      | Found a faded altar to an unknown god.
  2127 | D:3      | Noticed Jessica
  2137 | D:3      | Killed Jessica
  2137 | D:3      | Reached skill level 1 in Polearms
  2325 | D:3      | Reached XP level 5. HP: 34/45 MP: 4/4
  2532 | D:3      | Acquired Trog's first power
  2536 | D:3      | Reached skill level 6 in Bows
  3444 | D:4      | Found an ancient bone altar of Kikubaaqudgha.
  3474 | D:4      | Noticed Dowan
  3478 | D:4      | Noticed Duvessa
  3483 | D:4      | Killed Dowan
  3483 | D:4      | Reached XP level 6. HP: 51/51 MP: 5/5
  3493 | D:4      | Slain by Duvessa

Vault maps used:
D:1:      zelgadis_glass_arrival_small
D:2:      first_bread
D:3:      amethyst_overflow_temple_binary, ecumenical_altar_1,
          kennysheep_jessica_study
D:4:      kiku_gazebo_pond_becter, uniq_duvessa

Action                   |  1- 3 |  4- 6 || total
-------------------------+-------+-------++-------
Melee: Short sword       |     7 |       ||     7
       Spear             |    47 |    76 ||   123
 Fire: Shortbow          |    32 |    41 ||    73
Invok: Burn Spellbooks   |       |     1 ||     1
       Berserk           |       |     3 ||     3
  Use: Scroll            |     6 |     1 ||     7
       Potion            |       |     1 ||     1
 Stab: Sleeping          |       |     2 ||     2
  Eat: Bread ration      |     1 |     2 ||     3
